 Dungeon Crawl Stone Soup version 0.28-a0-1382-g92835e5c71 (webtiles) character file.

Game seed: 3359958658652119071

16 gimp the Charlatan (level 2, -1/13 HPs)
             Began as a Felid Wanderer on Jan 2, 2022.
             Slain by an orc (5 damage)
             ... on level 3 of the Dungeon.
             The game lasted 00:02:11 (1269 turns).

gimp the Charlatan (Felid Wanderer)                 Turns: 1269, Time: 00:02:11

Health: -1/13      AC:  1    Str:  7    XL:     2   Next: 41%
Magic:  3/3        EV: 17    Int: 13    God:
Gold:   58         SH:  0    Dex: 16    Spells: 1/1 levels left
                                        Lives:  0   Deaths: 0

rFire   . . .      SeeInvis +   (weapon unavailable)
rCold   . . .      Faith    .   (shield unavailable)
rNeg    . . .      Spirit   .   (armour unavailable)
rPois   .          Reflect  .   (helmet unavailable)
rElec   .          Harm     .   (cloak unavailable)
rCorr   .          Rampage  .   (gloves unavailable)
Will    .....                   (boots unavailable)
Stlth   +++.......              (no amulet)
HPRegen 0.04/turn               (no ring)
MPRegen 0.08/turn               (no ring)

@: quick
A: very small, claws 1, fangs 3, see invisible, speed 1, shaggy fur 1, stealthy
paws, no weapons or thrown items, no armour, multi-lived
a: no special abilities


You were on level 3 of the Dungeon.
You visited 1 branch of the dungeon, and saw 3 of its levels.

You collected 58 gold pieces.

Inventory:

Scrolls
 c - a scroll of fear {unknown}
 d - a scroll of fog {unknown}
 e - 2 scrolls of teleportation {unknown}
Potions
 b - a potion of attraction
Miscellaneous
 a - a box of beasts (inert) (quivered)


   Skills:
 + Level 2.3 Fighting
 - Level 2.1 Dodging
 - Level 4.0 Stealth
 * Level 0.4 Unarmed Combat
 - Level 5.4 Evocations


You had one spell level left.
You didn't know any spells.
Your spell library was empty.

Dungeon Overview and Level Annotations

Branches:
Dungeon (2/15)

Altars:


Innate Abilities, Weirdness & Mutations

You have sharp claws.
You have razor-sharp teeth.
You have supernaturally acute eyesight. (SInv)
You cover ground quickly. (Speed+)
You are covered in fur. (AC +1)
Your paws help you pounce on unaware monsters.
You are incapable of wielding weapons or throwing items.
You cannot wear armour.
You gain extra lives every three experience levels.


Message History

The bat is severely wounded.
The bat barely misses you. The bat closely misses you. The bat hits you.
You take 1 damage, and have 11/13 hp.
You scratch the bat.
You kill the bat!
No target in view!
No target in view!
You now have 47 gold pieces (gained 7).
You see here a bat corpse.
You now have 58 gold pieces (gained 11).
You open the door.
There is an open door here.
As you open the door, it creaks loudly!
You hear a shout! x2
There is an open door here.
An orc comes into view. It is wielding a +0 flail.
Health restored: 13 An orc is nearby!
You closely miss the orc. The orc closely misses you.
You scratch the orc but do no damage. The orc hits you with a +0 flail!
Ouch! That really hurt!
You take 7 damage, and have 6/13 hp.
MASSIVE DAMAGE!!
You are too injured to fight recklessly!
You are too injured to fight recklessly!
You scratch the orc but do no damage. Your bite misses the orc.
The orc hits you with a +0 flail.
You take 2 damage, and have 4/13 hp.
You closely miss the orc. Your bite misses the orc. The orc barely misses you.
You hear a shout!
You scratch the orc.
The orc is moderately wounded.
The orc misses you.
Okay, then.
You closely miss the orc.
The orc is moderately wounded.
The orc closely misses you.
You barely miss the orc.
The orc is moderately wounded.
The orc hits you with a +0 flail.
You die...

#......'.......
#......####.###
#......'..#
#......##.#
#......##.#
#......##.#
####+#.##.#
#.##o## #.##.@♣
#. ###♣


You could see an orc.

Vanquished Creatures
  A giant cockroach (D:1)
  2 goblins (D:1)
  A hobgoblin (D:1)
  A quokka (D:1)
  A ball python (D:1)
  2 bats
  2 frilled lizards
  4 rats (D:1)
14 creatures vanquished.

Vanquished Creatures (collateral kills)
  A ball python (D:1)
  A giant cockroach (D:1)
2 creatures vanquished.

Vanquished Creatures (others)
  A plant (D:3)
1 creature vanquished.

Grand Total: 17 creatures vanquished

Notes
Turn   | Place    | Note
-------+----------+-------------------------------------------
     0 | D:1      | gimp the Felid Wanderer began the quest for the Orb.
     0 | D:1      | gimp set off with the following items: a box of beasts, a
                  | potion of attraction
     0 | D:1      | Reached XP level 1. HP: 9/9 MP: 2/2
   317 | D:1      | Reached skill level 1 in Dodging
   575 | D:1      | Reached XP level 2. HP: 4/13 MP: 3/3
  1061 | D:2      | You fall into a shaft and drop 1 floor!
  1269 | D:3      | Slain by an orc

Illustrated notes

Levels and vault maps discovered:
D:1:      dpeg_arrival_tiny_k, layout_rooms
D:2:      layout_rooms, chequers_ecumenical_altar_grove,
          minmay_indecisive_spiral, uniq_jessica, uniq_crazy_yiuf_cottage
D:3:      layout_basic, minmay_statues_item, serial_bayou_crossing

Skill      XL: |  1  2 |
---------------+-------+-----
Dodging        | 1 2 |  2.1
Fighting       | |  2.3
Stealth        | |  4.0
Unarmed Combat | |  0.4
Evocations     | |  5.4

Action                   || total
-------------------------++-------
Melee: Unarmed           ||    80
       Bite              ||     6
Evoke: Box of beasts     ||     1
 Stab: Sleeping          ||     1
Armor: Skin              ||     6
Dodge: Dodged            ||    77

Table legend: (Time is in decaauts)
 A = Elapsed time spent in this place.
 B = Non-inter-level travel time spent in this place.
 C = Inter-level travel time spent in this place.
 D = Time resting spent in this place.
 E = Time spent auto-exploring this place.
 F = Levels seen in this place.
 G = Mean time per level.
                   A        B        C        D        E       F      G
               +--------+--------+--------+--------+--------+-----+--------+
         Total |   1188 |   1188 |      0 |      2 |    946 |   3 |  396.0 |
       Dungeon |   1188 |   1188 |      0 |      2 |    946 |   3 |  396.0 |
               +--------+--------+--------+--------+--------+-----+--------+

Top non-repeatable levels by time:
     D:1: 934 daAuts
     D:3: 180 daAuts
     D:2: 74 daAuts
